AoeStats
← aggl1005

Black Forest

504655846Analyzed
1v1 RM · 27d ago on Sep 6, 2026· 35m 55s· 2 players
Game mode
Random Map
Map size
Tiny (2 player)
Population
200
Speed
Normal
Resources
Standard
Victory
Conquest
Starting age
Dark Age
Ending age
Imperial Age
RankedLock teamsTeams togetherTeam positionsShared explorationLock speedFull tech treeHidden civsTurbo modeCheats
Victory
Defeat
🇳🇿 Spanish · New Zealand
662
+11
🇦🇺 Jurchens · Australia
557
-11
aggl1005
1:08 Loom
16:18 Feudal Age
17:45 Double-Bit Axe
17:44 Horse Collar
18:42 Wheelbarrow
18:54 Gold Mining
18:55 Stone Mining
19:26 Town Watch
23:20 Fletching
26:00 Castle Age
27:07 Bow Saw
27:01 Heavy Plow
27:20 Hand Cart
28:03 Town Patrol
29:02 Gold Shaft Mining
29:16 Stone Shaft Mining
29:08 Bodkin Arrow
32:18 Forging
34:23 Iron Casting
33:55 Scale Barding Armor
37:36 Imperial Age
Bullous
10:36 Feudal Age
15:15 Castle Age
14:02 Double-Bit Axe
15:56 Horse Collar
23:01 Loom
23:56 Wheelbarrow
23:41 Heavy Plow
25:18 Stone Mining
25:25 Gold Mining
27:12 Bow Saw
27:25 Loom
27:59 Hand Cart
27:29 Town Watch
28:34 Fletching
29:28 Stone Shaft Mining
29:49 Bodkin Arrow
33:04 Imperial Age
30:34 Town Patrol
30:49 Masonry
33:09 Ballistics
32:46 Murder Holes
33:24 Sappers
34:16 Supremacy
34:33 Hoardings
36:16 Two-Man Saw
36:58 Architecture
37:30 Chemistry
Connection lost

Rejoining the realm…

Still unreachable

The connection could not be restored.

Session expired

The server has moved on; the page needs a fresh start.